Monarchs vs Carnivores
(R1)
Created - 3 novembre 2013 at 00:48
Goals
|
| Monarchs |
2 |
2 |
2 |
6 |
| Carnivores |
1 |
1 |
1 |
3 |
|
Shots
|
| Monarchs |
10 |
6 |
7 |
23 |
| Carnivores |
13 |
10 |
4 |
27 |
|
1st period
1. Monarchs , Jonathan Matsumoto 3 (Sean Zimmerman) at 4:05 (PP)
2. Carnivores , David Van Der Gulik 3 (Jeff Tambellini, Manny Malhotra) at 10:45
3. Monarchs , Sean Zimmerman 1 (Denis Hamel) at 15:00
Penalties :
Kyle Wilson (Bre) for Slashing (Minor) at 3:33, Raphael Diaz (MAN) for Holding (Minor) at 4:36
2nd period
4. Monarchs , Michael Haley 2 (Barry Tallackson, Denis Hamel) at 3:52
5. Carnivores , David Van Der Gulik 4 (Jeff Tambellini, Manny Malhotra) at 5:03
6. Monarchs , Denis Hamel 6 (Patrik Berglund) at 9:00 (PP)
Penalties :
Billy Sweat (Bre) for Tripping (Minor) at 8:46, Jonathan Matsumoto (MAN) for Holding (Minor) at 10:47, Colby Robak (MAN) for Holding (Minor) at 17:48
3rd period
7. Monarchs , Barry Tallackson 1 (Raphael Diaz, Jason Chimera) at 1:04
8. Monarchs , Carl Hagelin 4 (Maxime Macenauer, Raphael Diaz) at 6:36
9. Carnivores , David Van Der Gulik 5 (Jeff Tambellini, Phil Oreskovic) at 8:54
Penalties :
Nate Prosser (MAN) for High sticking (Minor) at 1:16, Manny Malhotra (Bre) for Tripping (Minor) at 2:29, Raphael Diaz (MAN) for Hooking (Minor) at 9:03, Jason Chimera (MAN) for Holding (Minor) at 13:02, Travis Hamonic (MAN) for Holding Stick (Minor) at 17:03
Goalie Stats
Richard Bachman (MAN), 24 saves from 27 shots - (0,889), W, 1-0-0, 60:00 minutes
Corey Crawford (Bre), 10 saves from 14 shots - (0,714), L, 1-2-0, 29:00 minutes
Steve Mason (Bre), 7 saves from 9 shots - (0,778), 31:00 minutes
Players Stats for Monarchs
Player Name G A P +/- PIM S H SB GA TA FO MP PP MP PK MP
------------------------------------------------------------------------------------
Alec Martinez 0 0 0 0 0 0 2 0 0 0 0/0 10:57 0:01 0:00
Barry Tallackson 1 1 2 2 0 1 2 0 1 0 0/0 10:07 0:20 0:00
Carl Hagelin 1 0 1 2 0 2 0 0 0 0 0/0 8:44 0:44 0:00
Chris Clark 0 0 0 0 0 0 1 0 0 0 0/0 18:45 0:57 7:10
Colby Robak 0 0 0 0 2 0 1 2 0 0 0/0 11:55 0:00 1:14
Denis Hamel 1 2 3 0 0 2 0 1 0 0 1/1 14:02 1:14 2:05
Jamie McGinn 0 0 0 2 0 2 0 0 0 0 0/0 8:00 0:00 0:00
Jarret Stoll 0 0 0 -3 0 1 2 0 0 1 2/3 21:30 0:55 4:13
Jason Chimera 0 1 1 -3 2 1 2 0 1 1 0/1 15:44 0:01 0:00
Jonathan Matsumoto 1 0 1 0 2 3 1 0 0 0 0/3 13:15 0:44 1:50
Kevin Marshall 0 0 0 0 0 0 1 2 0 0 0/0 10:51 0:00 5:47
Maxime Macenauer 0 1 1 2 0 0 0 0 0 2 6/11 15:02 0:00 7:02
Michael Haley 1 0 1 2 0 1 2 1 0 0 0/0 13:51 0:00 3:46
Nate Prosser 0 0 0 0 2 1 0 3 0 0 0/0 18:15 0:37 5:00
Patrik Berglund 0 1 1 -3 0 5 1 0 0 0 8/22 17:11 1:01 0:08
Raphael Diaz 0 2 2 1 4 1 0 0 0 0 0/0 17:25 0:37 0:27
Sean Zimmerman 1 1 2 1 0 3 3 0 0 3 0/0 25:35 1:22 7:20
Slava Voynov 0 0 0 0 0 0 1 0 0 0 0/0 5:48 1:22 0:00
Tommy Wingels 0 0 0 2 0 0 0 1 0 1 1/4 9:47 0:00 0:00
Travis Hamonic 0 0 0 0 2 0 0 2 0 1 0/0 19:16 0:00 6:26
Players Stats for Carnivores
Player Name G A P +/- PIM S H SB GA TA FO MP PP MP PK MP
------------------------------------------------------------------------------------
Anton Gustafsson 0 0 0 0 0 0 0 0 0 0 0/0 0:00 0:00 0:00
Billy Sweat 0 0 0 -1 2 0 0 1 1 0 0/0 9:34 0:00 0:00
Blake Geoffrion 0 0 0 -2 0 0 1 0 0 0 0/0 17:32 6:08 0:25
Bobby Sanguinetti 0 0 0 -3 0 1 0 0 0 0 0/0 20:52 5:47 0:15
Brian Strait 0 0 0 0 0 0 1 0 0 0 0/0 1:56 0:00 0:00
Cal O'Reilly 0 0 0 -2 0 0 1 0 0 0 5/6 17:40 6:08 0:29
Chris Butler 0 0 0 -3 0 3 1 1 0 0 0/0 20:52 5:47 0:15
Chris Lawrence 0 0 0 -1 0 2 2 0 0 0 0/0 10:27 0:11 0:30
Christopher DiDomenico 0 0 0 0 0 0 0 0 0 0 0/0 0:00 0:00 0:00
David Schlemko 0 0 0 0 0 0 0 0 0 0 0/0 12:33 0:00 0:00
David Van Der Gulik 3 0 3 2 0 6 3 2 1 0 0/0 22:15 6:48 1:07
Evgeny Grachev 0 0 0 0 0 0 0 0 0 0 0/0 0:00 0:00 0:00
Ian Schultz 0 0 0 0 0 0 0 0 0 0 0/0 9:33 0:00 0:00
Jeff Tambellini 0 3 3 2 0 2 2 0 3 0 1/4 22:16 6:48 1:00
Jeremy Welsh 0 0 0 0 0 2 0 0 0 0 0/0 9:33 0:00 0:00
Jordie Benn 0 0 0 0 0 0 0 0 0 0 0/0 12:33 0:00 0:00
Keith Aulie 0 0 0 2 0 1 3 1 2 0 0/0 26:35 7:20 1:44
Kyle Wilson 0 0 0 -1 2 4 0 0 1 0 2/2 10:10 0:11 0:02
Manny Malhotra 0 2 2 2 2 1 1 0 0 1 17/30 20:37 6:47 0:00
Mikael Backlund 0 0 0 0 0 3 0 0 0 0 1/2 9:55 0:11 0:00
Phil Oreskovic 0 1 1 2 0 0 1 1 0 1 0/0 24:39 7:20 1:44
Tim Conboy 0 0 0 -2 0 2 4 1 1 0 1/1 17:40 6:08 0:25
Zack Smith 0 0 0 0 0 0 0 0 0 0 0/0 0:00 0:00 0:00
3 Stars
1 - David Van Der Gulik (Bre)
2 - Jeff Tambellini (Bre)
3 - Barry Tallackson (MAN)
Power Play
Monarchs - 2 on 3 Attempt(s) - 66,67%
Carnivores - 0 on 7 Attempt(s) - 0,00%
Penalty Kill
Monarchs - 7 on 7 Attempt(s) - 100,00%
- Score 0 goal in Penalty Kill
Carnivores - 1 on 3 Attempt(s) - 33,33%
- Score 0 goal in Penalty Kill
Official
Referees : O'Halloran Dan and Joannette Marc
Linesman : David Brisebois and Andy McElman
Game Notes
Steve Mason enters game at 9:00 of 2nd period
David Van Der Gulik has scored a Hat Trick!
Finance
Level 1 -- Attendance: 1602 (80,10%) -- Ticket Income 56 070 $
Level 2 -- Attendance: 789 (78,90%) -- Ticket Income 11 835 $
Total Attendance: 2391 (79,70%)
Total Ticket Income: 67 905 $
Other Income: 3 395 $
Total Income: 71 300 $
Monarchs
5 vs 5 Forward
Center Left Wing Right Wing Time % Phy DF OF
1 Patrik Berglund Jason Chimera Jarret Stoll 45 1 1 3
2 Jonathan Matsumoto Denis Hamel Chris Clark 30 1 2 2
3 Tommy Wingels Michael Haley Barry Tallackson 15 2 1 2
4 Maxime Macenauer Jamie McGinn Carl Hagelin 10 1 2 2
5 vs 5 Defense
Defense Defense Time % Phy DF OF
1 Sean Zimmerman Raphael Diaz 40 1 2 2
2 Nate Prosser Travis Hamonic 30 1 2 2
3 Alec Martinez Colby Robak 20 1 2 2
4 Slava Voynov Kevin Marshall 10 1 3 1
PowerPlay Forward
Center Left Wing Right Wing Time % Phy DF OF
1 Jarret Stoll Denis Hamel Patrik Berglund 70 1 1 3
2 Jonathan Matsumoto Carl Hagelin Chris Clark 30 1 1 3
PowerPlay Defense
Defense Defense Time % Phy DF OF
1 Sean Zimmerman Slava Voynov 70 0 2 3
2 Raphael Diaz Nate Prosser 30 0 2 3
Penalty Kill 4 Players Forward
Center Wing Time % Phy DF OF
1 Maxime Macenauer Chris Clark 60 1 3 1
2 Jarret Stoll Michael Haley 40 2 3 0
Penalty Kill 4 Players Defense
Defense Defense Time % Phy DF OF
1 Travis Hamonic Sean Zimmerman 60 2 3 0
2 Kevin Marshall Nate Prosser 40 2 3 0
Penalty Kill - 3 Players Forward
Forward Time % Phy DF OF
1 Jarret Stoll 60 1 3 1
2 Maxime Macenauer 40 1 3 1
Penalty Kill - 3 Players Defense
Defense Defense Time % Phy DF OF
1 Travis Hamonic Sean Zimmerman 60 2 3 0
2 Nate Prosser Alec Martinez 40 2 3 0
4 vs 4 Forward
Center Wing Time % Phy DF OF
1 Jarret Stoll Patrik Berglund 60 1 2 2
2 Denis Hamel Jason Chimera 40 1 2 2
4 vs 4 Defense
Defense Defense Time % Phy DF OF
1 Sean Zimmerman Nate Prosser 60 1 2 2
2 Raphael Diaz Alec Martinez 40 1 2 2
Last Minutes Offensive
Center Left Wing Right Wing Defense Defense
Jarret Stoll Denis Hamel Patrik Berglund Sean Zimmerman Raphael Diaz
Last Minutes Defensive
Center Left Wing Right Wing Defense Defense
Jarret Stoll Michael Haley Jason Chimera Travis Hamonic Sean Zimmerman
Goaltenders
Starting : Richard Bachman
Backup : Michael Leighton
Extra Forwards
Normal : Patrik Berglund, Jason Chimera, Michael Haley - PP : Barry Tallackson, Carl Hagelin - PK : Jonathan Matsumoto
Extra Defensemen
Normal : Travis Hamonic, Kevin Marshall, Slava Voynov - PP : Travis Hamonic - PK : Colby Robak, Raphael Diaz
Penalty Shots
Patrik Berglund, Jarret Stoll, Jason Chimera, Barry Tallackson, Chris Clark
Carnivores
5 vs 5 Forward
Center Left Wing Right Wing Time % Phy DF OF
1 Manny Malhotra Jeff Tambellini David Van Der Gulik 40 1 2 2
2 Cal O'Reilly Blake Geoffrion Tim Conboy 30 1 2 2
3 Kyle Wilson Billy Sweat Chris Lawrence 20 1 2 2
4 Mikael Backlund Jeremy Welsh Ian Schultz 10 1 2 2
5 vs 5 Defense
Defense Defense Time % Phy DF OF
1 Keith Aulie Phil Oreskovic 40 1 2 2
2 Bobby Sanguinetti Chris Butler 30 1 2 2
3 David Schlemko Jordie Benn 20 1 2 2
4 Brian Strait Keith Aulie 10 1 2 2
PowerPlay Forward
Center Left Wing Right Wing Time % Phy DF OF
1 Manny Malhotra Jeff Tambellini David Van Der Gulik 60 1 2 2
2 Cal O'Reilly Blake Geoffrion Tim Conboy 40 1 2 2
PowerPlay Defense
Defense Defense Time % Phy DF OF
1 Keith Aulie Phil Oreskovic 60 1 2 2
2 Bobby Sanguinetti Chris Butler 40 1 2 2
Penalty Kill 4 Players Forward
Center Wing Time % Phy DF OF
1 Jeff Tambellini David Van Der Gulik 60 1 2 2
2 Manny Malhotra Tim Conboy 40 1 2 2
Penalty Kill 4 Players Defense
Defense Defense Time % Phy DF OF
1 Keith Aulie Phil Oreskovic 60 1 2 2
2 Bobby Sanguinetti Chris Butler 40 1 2 2
Penalty Kill - 3 Players Forward
Forward Time % Phy DF OF
1 Jeff Tambellini 60 1 2 2
2 David Van Der Gulik 40 1 2 2
Penalty Kill - 3 Players Defense
Defense Defense Time % Phy DF OF
1 Keith Aulie Phil Oreskovic 60 1 2 2
2 Bobby Sanguinetti Chris Butler 40 1 2 2
4 vs 4 Forward
Center Wing Time % Phy DF OF
1 Jeff Tambellini David Van Der Gulik 60 1 2 2
2 Manny Malhotra Tim Conboy 40 1 2 2
4 vs 4 Defense
Defense Defense Time % Phy DF OF
1 Keith Aulie Phil Oreskovic 60 1 2 2
2 Bobby Sanguinetti Chris Butler 40 1 2 2
Last Minutes Offensive
Center Left Wing Right Wing Defense Defense
Manny Malhotra Jeff Tambellini David Van Der Gulik Keith Aulie Phil Oreskovic
Last Minutes Defensive
Center Left Wing Right Wing Defense Defense
Manny Malhotra Jeff Tambellini David Van Der Gulik Keith Aulie Phil Oreskovic
Goaltenders
Starting : Corey Crawford
Backup : Steve Mason
Extra Forwards
Normal : Kyle Wilson, Mikael Backlund, Chris Lawrence - PP : Kyle Wilson, Mikael Backlund - PK : Chris Lawrence
Extra Defensemen
Normal : David Schlemko, Jordie Benn, Brian Strait - PP : David Schlemko - PK : Jordie Benn, Brian Strait
Penalty Shots
Jeff Tambellini, David Van Der Gulik, Manny Malhotra, Tim Conboy, Cal O'Reilly
% Time on Ice - Monarchs
Lines # - Real PCT - Wanted PCT - Time Play
Normal Forward
1 - 35% - 45% - 15:25
2 - 25% - 30% - 10:56
3 - 22% - 15% - 9:47
4 - 18% - 10% - 8:00
Normal Defense
1 - 38% - 40% - 16:42
2 - 29% - 30% - 12:39
3 - 23% - 20% - 10:21
4 - 10% - 10% - 4:26
PP Forward
1 - 63% - 70% - 1:15
2 - 37% - 30% - 0:44
PP Defense
1 - 69% - 70% - 1:22
2 - 31% - 30% - 0:37
PK Forward
1 - 71% - 60% - 9:21
2 - 29% - 40% - 3:46
PK Defense
1 - 59% - 60% - 7:47
2 - 41% - 40% - 5:20
PK3 Forward
1 - 0% - 60%
2 - 0% - 40%
PK3 Defense
1 - 0% - 60%
2 - 0% - 40%
44 Forward
1 - 100% - 60% - 0:46
2 - 0% - 40% - 0:00
44 Defense
1 - 24% - 60% - 0:11
2 - 76% - 40% - 0:35
Last Minute Offensive - 0:00
Last Minute Defensive - 0:00
Total
Forward - 60:00
Defense - 60:00
|
% Time on Ice - Carnivores
Lines # - Real PCT - Wanted PCT - Time Play
Normal Forward
1 - 32% - 40% - 13:57
2 - 25% - 30% - 11:03
3 - 22% - 20% - 9:35
4 - 22% - 10% - 9:33
Normal Defense
1 - 34% - 40% - 15:04
2 - 33% - 30% - 14:35
3 - 28% - 20% - 12:33
4 - 4% - 10% - 1:56
PP Forward
1 - 53% - 60% - 6:59
2 - 47% - 40% - 6:08
PP Defense
1 - 56% - 60% - 7:20
2 - 44% - 40% - 5:47
PK Forward
1 - 79% - 60% - 1:34
2 - 21% - 40% - 0:25
PK Defense
1 - 87% - 60% - 1:44
2 - 13% - 40% - 0:15
PK3 Forward
1 - 0% - 60%
2 - 0% - 40%
PK3 Defense
1 - 0% - 60%
2 - 0% - 40%
44 Forward
1 - 91% - 60% - 0:42
2 - 9% - 40% - 0:04
44 Defense
1 - 67% - 60% - 0:31
2 - 33% - 40% - 0:15
Last Minute Offensive - 0:00
Last Minute Defensive - 0:00
Total
Forward - 60:00
Defense - 60:00
|
Play by Play
1st period
0:01 of 1st period - Patrik Berglund wins face-off versus Manny Malhotra in neutral zone.
0:26 of 1st period - Tim Conboy is hit by Sean Zimmerman.
1:06 of 1st period - Snap shot by Jeremy Welsh.
1:06 of 1st period - Stopped by Richard Bachman with a rebound.
1:31 of 1st period - Wrist shot by Jason Chimera.
1:31 of 1st period - Stopped by Corey Crawford with a rebound.
2:55 of 1st period - Snap shot by Mikael Backlund.
2:55 of 1st period - Stopped by Richard Bachman with a rebound.
2:57 of 1st period - Snap shot by Jordie Benn.
2:57 of 1st period - Deflect By Mikael Backlund.
2:57 of 1st period - Stopped by Richard Bachman with a rebound.
2:59 of 1st period - Slapshot by Jordie Benn.
2:59 of 1st period - Shot Blocked by Colby Robak.
3:01 of 1st period - Slapshot by Jordie Benn.
3:01 of 1st period - Shot Misses the Net.
3:31 of 1st period - Tommy Wingels is hit by Chris Lawrence and loses puck.
3:33 of 1st period - Minor Penalty to Kyle Wilson for Slashing.
3:34 of 1st period - Jarret Stoll wins face-off versus Jeff Tambellini in Carnivores zone.
4:00 of 1st period - Jeff Tambellini is hit by Slava Voynov and loses puck.
4:05 of 1st period - Slapshot by Jonathan Matsumoto.
4:05 of 1st period - Goal by Jonathan Matsumoto - Monarchs : 1 - Carnivores : 0.
4:06 of 1st period - Manny Malhotra wins face-off versus Patrik Berglund in neutral zone.
4:26 of 1st period - Jeff Tambellini is hit by Jarret Stoll and loses puck.
4:36 of 1st period - Minor Penalty to Raphael Diaz for Holding.
4:37 of 1st period - Cal O'Reilly wins face-off versus Maxime Macenauer in Monarchs zone.
5:03 of 1st period - Travis Hamonic is hit by David Van Der Gulik and loses puck.
5:34 of 1st period - Nate Prosser is hit by Tim Conboy and loses puck.
6:01 of 1st period - Manny Malhotra is hit by Michael Haley and loses puck.
6:36 of 1st period - Penalty to Raphael Diaz is over, Raphael Diaz is back on ice.
7:11 of 1st period - Wrist shot by Jeremy Welsh.
7:11 of 1st period - Stopped by Richard Bachman with a rebound.
7:35 of 1st period - Snap shot by Maxime Macenauer.
7:35 of 1st period - Shot Blocked by Billy Sweat.
7:37 of 1st period - Wrist shot by Alec Martinez.
7:37 of 1st period - Shot Blocked by Chris Butler.
7:39 of 1st period - Slapshot by Alec Martinez.
7:39 of 1st period - Shot Misses the Net.
8:03 of 1st period - Manny Malhotra is hit by Sean Zimmerman and loses puck.
8:36 of 1st period - Off-side.
8:37 of 1st period - Maxime Macenauer wins face-off versus Mikael Backlund in neutral zone.
8:46 of 1st period - Snap shot by Carl Hagelin.
8:46 of 1st period - Shot Hit the Post.
9:09 of 1st period - Backhand shot by Mikael Backlund.
9:09 of 1st period - Stopped by Richard Bachman with a rebound.
9:37 of 1st period - Snap shot by Jeremy Welsh.
9:37 of 1st period - Shot Misses the Net.
9:51 of 1st period - Chris Clark is hit by David Van Der Gulik and loses puck.
10:12 of 1st period - Wrist shot by Cal O'Reilly.
10:12 of 1st period - Shot Misses the Net.
10:14 of 1st period - Snap shot by Tim Conboy.
10:14 of 1st period - Shot Blocked by Kevin Marshall.
10:16 of 1st period - Slapshot by Tim Conboy.
10:16 of 1st period - Stopped by Richard Bachman with a rebound.
10:18 of 1st period - Wrist shot by Blake Geoffrion.
10:18 of 1st period - Shot Misses the Net.
10:30 of 1st period - Snap shot by Billy Sweat.
10:30 of 1st period - Shot Blocked by Kevin Marshall.
10:32 of 1st period - Wrist shot by Chris Lawrence.
10:32 of 1st period - Shot Misses the Net.
10:34 of 1st period - Snap shot by Chris Lawrence.
10:34 of 1st period - Shot Misses the Net.
10:36 of 1st period - Wrist shot by Billy Sweat.
10:36 of 1st period - Deflect By Chris Lawrence.
10:36 of 1st period - Shot Misses the Net.
10:36 of 1st period - Puck is out of play.
10:37 of 1st period - Manny Malhotra wins face-off versus Patrik Berglund in Monarchs zone.
10:41 of 1st period - Slapshot by David Van Der Gulik.
10:41 of 1st period - Stopped by Richard Bachman with a rebound.
10:43 of 1st period - Slapshot by Jeff Tambellini.
10:43 of 1st period - Shot Misses the Net.
10:45 of 1st period - Wrist shot by David Van Der Gulik.
10:45 of 1st period - Goal by David Van Der Gulik - Monarchs : 1 - Carnivores : 1.
10:46 of 1st period - Patrik Berglund wins face-off versus Manny Malhotra in neutral zone.
10:49 of 1st period - Backhand shot by Patrik Berglund.
10:49 of 1st period - Stopped by Corey Crawford without a rebound.
10:50 of 1st period - Manny Malhotra wins face-off versus Patrik Berglund in Carnivores zone.
10:57 of 1st period - Sean Zimmerman is hit by Jeff Tambellini and loses puck.
11:24 of 1st period - Snap shot by Jonathan Matsumoto.
11:24 of 1st period - Stopped by Corey Crawford with a rebound.
11:26 of 1st period - Slapshot by Sean Zimmerman.
11:26 of 1st period - Stopped by Corey Crawford without a rebound.
11:27 of 1st period - Manny Malhotra wins face-off versus Patrik Berglund in Carnivores zone.
11:38 of 1st period - Slapshot by Jeff Tambellini.
11:38 of 1st period - Shot Blocked by Travis Hamonic.
11:40 of 1st period - Slapshot by David Van Der Gulik.
11:40 of 1st period - Stopped by Richard Bachman with a rebound.
11:59 of 1st period - Slapshot by Chris Lawrence.
11:59 of 1st period - Shot Blocked by Colby Robak.
12:01 of 1st period - Wrist shot by Billy Sweat.
12:01 of 1st period - Shot Misses the Net.
12:03 of 1st period - Snap shot by Chris Lawrence.
12:03 of 1st period - Stopped by Richard Bachman with a rebound.
12:44 of 1st period - Snap shot by Denis Hamel.
12:44 of 1st period - Shot Blocked by David Van Der Gulik.
12:54 of 1st period - Slapshot by Chris Clark.
12:54 of 1st period - Shot Misses the Net.
14:44 of 1st period - Snap shot by Bobby Sanguinetti.
14:44 of 1st period - Shot Misses the Net.
14:46 of 1st period - Slapshot by Chris Butler.
14:46 of 1st period - Stopped by Richard Bachman with a rebound.
14:48 of 1st period - Slapshot by Chris Butler.
14:48 of 1st period - Deflect By Chris Clark.
14:48 of 1st period - Stopped by Richard Bachman with a rebound.
14:50 of 1st period - Snap shot by Bobby Sanguinetti.
14:50 of 1st period - Stopped by Richard Bachman with a rebound.
15:00 of 1st period - Backhand shot by Sean Zimmerman.
15:00 of 1st period - Deflect By Blake Geoffrion.
15:00 of 1st period - Goal by Sean Zimmerman - Monarchs : 2 - Carnivores : 1.
15:01 of 1st period - Manny Malhotra wins face-off versus Patrik Berglund in neutral zone.
15:52 of 1st period - Jonathan Matsumoto is hit by Tim Conboy and loses puck.
16:30 of 1st period - Slapshot by Sean Zimmerman.
16:30 of 1st period - Stopped by Corey Crawford with a rebound.
16:32 of 1st period - Wrist shot by Jamie McGinn.
16:32 of 1st period - Stopped by Corey Crawford with a rebound.
17:07 of 1st period - Cal O'Reilly is hit by Alec Martinez and loses puck.
17:47 of 1st period - Keith Aulie is hit by Chris Clark and loses puck.
18:56 of 1st period - Travis Hamonic is hit by Tim Conboy.
19:10 of 1st period - Backhand shot by Carl Hagelin.
19:10 of 1st period - Stopped by Corey Crawford without a rebound.
19:11 of 1st period - Maxime Macenauer wins face-off versus Manny Malhotra in Carnivores zone.
19:32 of 1st period - Slapshot by Maxime Macenauer.
19:32 of 1st period - Shot Blocked by Tim Conboy.
19:54 of 1st period - Snap shot by Carl Hagelin.
19:54 of 1st period - Shot Misses the Net.
19:56 of 1st period - Wrist shot by Jamie McGinn.
19:56 of 1st period - Stopped by Corey Crawford without a rebound.
19:57 of 1st period - Kyle Wilson wins face-off versus Patrik Berglund in Carnivores zone.
2nd period
0:01 of 2nd period - Patrik Berglund wins face-off versus Manny Malhotra in neutral zone.
0:52 of 2nd period - Wrist shot by Kyle Wilson.
0:52 of 2nd period - Shot Blocked by Nate Prosser.
0:54 of 2nd period - Wrist shot by Kyle Wilson.
0:54 of 2nd period - Stopped by Richard Bachman with a rebound.
1:13 of 2nd period - Snap shot by David Van Der Gulik.
1:13 of 2nd period - Stopped by Richard Bachman with a rebound.
1:30 of 2nd period - Carl Hagelin is hit by Brian Strait and loses puck.
2:46 of 2nd period - Wrist shot by Cal O'Reilly.
2:46 of 2nd period - Shot Blocked by Travis Hamonic.
3:08 of 2nd period - Snap shot by Denis Hamel.
3:08 of 2nd period - Stopped by Corey Crawford without a rebound.
3:09 of 2nd period - Manny Malhotra wins face-off versus Jonathan Matsumoto in Carnivores zone.
3:11 of 2nd period - Icing by Jeff Tambellini.
3:12 of 2nd period - Manny Malhotra wins face-off versus Jason Chimera in Carnivores zone.
3:24 of 2nd period - Wrist shot by Patrik Berglund.
3:24 of 2nd period - Stopped by Corey Crawford without a rebound.
3:25 of 2nd period - Manny Malhotra wins face-off versus Patrik Berglund in Carnivores zone.
3:50 of 2nd period - Slapshot by Barry Tallackson.
3:50 of 2nd period - Shot Blocked by David Van Der Gulik.
3:52 of 2nd period - Wrist shot by Michael Haley.
3:52 of 2nd period - Goal by Michael Haley - Monarchs : 3 - Carnivores : 1.
3:53 of 2nd period - Patrik Berglund wins face-off versus Manny Malhotra in neutral zone.
4:27 of 2nd period - Slapshot by Sean Zimmerman.
4:27 of 2nd period - Shot Misses the Net.
4:45 of 2nd period - Slapshot by Chris Lawrence.
4:45 of 2nd period - Stopped by Richard Bachman without a rebound.
4:46 of 2nd period - Kyle Wilson wins face-off versus Tommy Wingels in Monarchs zone.
4:55 of 2nd period - Slapshot by Chris Lawrence.
4:55 of 2nd period - Shot Misses the Net.
4:57 of 2nd period - Snap shot by Kyle Wilson.
4:57 of 2nd period - Stopped by Richard Bachman with a rebound.
4:59 of 2nd period - Slapshot by Chris Butler.
4:59 of 2nd period - Stopped by Richard Bachman without a rebound.
5:00 of 2nd period - Manny Malhotra wins face-off versus Jarret Stoll in Monarchs zone.
5:03 of 2nd period - Slapshot by David Van Der Gulik.
5:03 of 2nd period - Goal by David Van Der Gulik - Monarchs : 3 - Carnivores : 2.
5:04 of 2nd period - Jeff Tambellini wins face-off versus Patrik Berglund in neutral zone.
5:32 of 2nd period - Icing by Jason Chimera.
5:33 of 2nd period - Patrik Berglund wins face-off versus Cal O'Reilly in Monarchs zone.
5:33 of 2nd period - Patrik Berglund is hit by Tim Conboy.
5:38 of 2nd period - Icing by Raphael Diaz.
5:39 of 2nd period - Cal O'Reilly wins face-off versus Jonathan Matsumoto in Monarchs zone.
5:54 of 2nd period - Snap shot by Jonathan Matsumoto.
5:54 of 2nd period - Shot Misses the Net.
6:06 of 2nd period - Nate Prosser is hit by Chris Butler and loses puck.
6:11 of 2nd period - Snap shot by Jeff Tambellini.
6:11 of 2nd period - Shot Misses the Net.
6:29 of 2nd period - Slapshot by Keith Aulie.
6:29 of 2nd period - Shot Misses the Net.
6:31 of 2nd period - Wrist shot by Kyle Wilson.
6:31 of 2nd period - Stopped by Richard Bachman with a rebound.
6:33 of 2nd period - Slapshot by Keith Aulie.
6:33 of 2nd period - Shot Blocked by Michael Haley.
6:35 of 2nd period - Wrist shot by Billy Sweat.
6:35 of 2nd period - Shot Blocked by Tommy Wingels.
7:20 of 2nd period - Off-side.
7:21 of 2nd period - Manny Malhotra wins face-off versus Patrik Berglund in neutral zone.
7:32 of 2nd period - Slapshot by Jeff Tambellini.
7:32 of 2nd period - Stopped by Richard Bachman without a rebound.
7:33 of 2nd period - Patrik Berglund wins face-off versus Manny Malhotra in Monarchs zone.
8:10 of 2nd period - Wrist shot by Tim Conboy.
8:10 of 2nd period - Shot Blocked by Denis Hamel.
8:24 of 2nd period - Phil Oreskovic is hit by Barry Tallackson and loses puck.
8:29 of 2nd period - Slapshot by Barry Tallackson.
8:29 of 2nd period - Shot Misses the Net.
8:46 of 2nd period - Minor Penalty to Billy Sweat for Tripping.
8:47 of 2nd period - Denis Hamel wins face-off versus Jeff Tambellini in Carnivores zone.
8:58 of 2nd period - Snap shot by Patrik Berglund.
8:58 of 2nd period - Shot Blocked by Phil Oreskovic.
9:00 of 2nd period - Slapshot by Denis Hamel.
9:00 of 2nd period - Goal by Denis Hamel - Monarchs : 4 - Carnivores : 2.
9:00 of 2nd period - Steve Mason enters game.
9:01 of 2nd period - Manny Malhotra wins face-off versus Patrik Berglund in neutral zone.
9:10 of 2nd period - Keith Aulie is hit by Jarret Stoll and loses puck.
9:27 of 2nd period - Chris Clark is hit by Phil Oreskovic.
9:52 of 2nd period - Icing by Sean Zimmerman.
9:53 of 2nd period - Mikael Backlund wins face-off versus Tommy Wingels in Monarchs zone.
10:20 of 2nd period - Snap shot by Manny Malhotra.
10:20 of 2nd period - Stopped by Richard Bachman with a rebound.
10:47 of 2nd period - Minor Penalty to Jonathan Matsumoto for Holding.
10:48 of 2nd period - Manny Malhotra wins face-off versus Maxime Macenauer in Monarchs zone.
10:59 of 2nd period - Wrist shot by Jeff Tambellini.
10:59 of 2nd period - Stopped by Richard Bachman without a rebound.
11:00 of 2nd period - Maxime Macenauer wins face-off versus Manny Malhotra in Monarchs zone.
11:00 of 2nd period - Maxime Macenauer is hit by Keith Aulie.
11:26 of 2nd period - Sean Zimmerman is hit by Keith Aulie and loses puck.
12:47 of 2nd period - Penalty to Jonathan Matsumoto is over, Jonathan Matsumoto is back on ice.
12:58 of 2nd period - Chris Lawrence is hit by Colby Robak and loses puck.
13:53 of 2nd period - Manny Malhotra is hit by Jason Chimera and loses puck.
14:10 of 2nd period - Wrist shot by Barry Tallackson.
14:10 of 2nd period - Shot Blocked by Keith Aulie.
14:40 of 2nd period - Wrist shot by Jonathan Matsumoto.
14:40 of 2nd period - Deflect By Billy Sweat.
14:40 of 2nd period - Stopped by Steve Mason with a rebound.
16:00 of 2nd period - Off-side.
16:01 of 2nd period - Tim Conboy wins face-off versus Tommy Wingels in neutral zone.
17:48 of 2nd period - Minor Penalty to Colby Robak for Holding.
17:49 of 2nd period - Manny Malhotra wins face-off versus Maxime Macenauer in Monarchs zone.
18:36 of 2nd period - Wrist shot by Jarret Stoll.
18:36 of 2nd period - Stopped by Steve Mason without a rebound.
18:37 of 2nd period - Maxime Macenauer wins face-off versus Manny Malhotra in Carnivores zone.
18:40 of 2nd period - Wrist shot by Chris Clark.
18:40 of 2nd period - Shot Misses the Net.
19:02 of 2nd period - Phil Oreskovic is hit by Michael Haley.
19:48 of 2nd period - Penalty to Colby Robak is over, Colby Robak is back on ice.
3rd period
0:01 of 3rd period - Patrik Berglund wins face-off versus Manny Malhotra in neutral zone.
0:10 of 3rd period - Snap shot by Patrik Berglund.
0:10 of 3rd period - Stopped by Steve Mason with a rebound.
0:12 of 3rd period - Slapshot by Jason Chimera.
0:12 of 3rd period - Shot Misses the Net.
0:14 of 3rd period - Snap shot by Jason Chimera.
0:14 of 3rd period - Deflect By Patrik Berglund.
0:14 of 3rd period - Stopped by Steve Mason without a rebound.
0:15 of 3rd period - Cal O'Reilly wins face-off versus Jonathan Matsumoto in Carnivores zone.
0:20 of 3rd period - Slapshot by Keith Aulie.
0:20 of 3rd period - Stopped by Richard Bachman with a rebound.
0:42 of 3rd period - Phil Oreskovic is hit by Jason Chimera.
1:02 of 3rd period - Slapshot by Raphael Diaz.
1:02 of 3rd period - Deflect By Bobby Sanguinetti.
1:02 of 3rd period - Stopped by Steve Mason with a rebound.
1:04 of 3rd period - Backhand shot by Barry Tallackson.
1:04 of 3rd period - Goal by Barry Tallackson - Monarchs : 5 - Carnivores : 2.
1:05 of 3rd period - Patrik Berglund wins face-off versus Manny Malhotra in neutral zone.
1:12 of 3rd period - Snap shot by Patrik Berglund.
1:12 of 3rd period - Stopped by Steve Mason with a rebound.
1:14 of 3rd period - Wrist shot by Jarret Stoll.
1:14 of 3rd period - Shot Misses the Net.
1:16 of 3rd period - Slapshot by Nate Prosser.
1:16 of 3rd period - Stopped by Steve Mason without a rebound.
1:16 of 3rd period - Minor Penalty to Nate Prosser for High sticking.
1:17 of 3rd period - Maxime Macenauer wins face-off versus Manny Malhotra in Monarchs zone.
2:29 of 3rd period - Minor Penalty to Manny Malhotra for Tripping.
2:30 of 3rd period - Jarret Stoll wins face-off versus Jeff Tambellini in Carnivores zone.
3:16 of 3rd period - Penalty to Nate Prosser is over, Nate Prosser is back on ice.
4:09 of 3rd period - Slapshot by Phil Oreskovic.
4:09 of 3rd period - Shot Blocked by Nate Prosser.
4:29 of 3rd period - Penalty to Manny Malhotra is over, Manny Malhotra is back on ice.
5:01 of 3rd period - Chris Lawrence is hit by Alec Martinez and loses puck.
5:20 of 3rd period - Jamie McGinn is hit by David Van Der Gulik and loses puck.
6:13 of 3rd period - Slapshot by Cal O'Reilly.
6:13 of 3rd period - Shot Misses the Net.
6:15 of 3rd period - Wrist shot by Tim Conboy.
6:15 of 3rd period - Stopped by Richard Bachman without a rebound.
6:16 of 3rd period - Cal O'Reilly wins face-off versus Patrik Berglund in Monarchs zone.
6:17 of 3rd period - Snap shot by Tim Conboy.
6:17 of 3rd period - Shot Misses the Net.
6:25 of 3rd period - Bobby Sanguinetti is hit by Patrik Berglund and loses puck.
6:36 of 3rd period - Snap shot by Maxime Macenauer.
6:36 of 3rd period - Deflect By Carl Hagelin.
6:36 of 3rd period - Goal by Carl Hagelin - Monarchs : 6 - Carnivores : 2.
6:37 of 3rd period - Manny Malhotra wins face-off versus Patrik Berglund in neutral zone.
7:25 of 3rd period - Barry Tallackson is hit by Chris Lawrence and loses puck.
7:54 of 3rd period - Off-side.
7:55 of 3rd period - Cal O'Reilly wins face-off versus Patrik Berglund in neutral zone.
8:38 of 3rd period - Icing by Phil Oreskovic.
8:39 of 3rd period - Tommy Wingels wins face-off versus Manny Malhotra in Carnivores zone.
8:54 of 3rd period - Wrist shot by David Van Der Gulik.
8:54 of 3rd period - Goal by David Van Der Gulik - Monarchs : 6 - Carnivores : 3.
8:55 of 3rd period - Manny Malhotra wins face-off versus Patrik Berglund in neutral zone.
9:03 of 3rd period - Minor Penalty to Raphael Diaz for Hooking.
9:04 of 3rd period - Manny Malhotra wins face-off versus Maxime Macenauer in Monarchs zone.
9:31 of 3rd period - Travis Hamonic is hit by Blake Geoffrion and loses puck.
10:04 of 3rd period - Bobby Sanguinetti is hit by Kevin Marshall and loses puck.
11:03 of 3rd period - Penalty to Raphael Diaz is over, Raphael Diaz is back on ice.
11:23 of 3rd period - Snap shot by Kyle Wilson.
11:23 of 3rd period - Stopped by Richard Bachman with a rebound.
11:47 of 3rd period - Slapshot by Chris Butler.
11:47 of 3rd period - Shot Misses the Net.
13:02 of 3rd period - Minor Penalty to Jason Chimera for Holding.
13:03 of 3rd period - Maxime Macenauer wins face-off versus Manny Malhotra in Monarchs zone.
13:29 of 3rd period - Chris Clark is hit by Cal O'Reilly.
15:02 of 3rd period - Penalty to Jason Chimera is over, Jason Chimera is back on ice.
15:05 of 3rd period - Nate Prosser is hit by Keith Aulie.
16:44 of 3rd period - Jeremy Welsh is hit by Barry Tallackson and loses puck.
17:01 of 3rd period - Travis Hamonic is hit by Manny Malhotra and loses puck.
17:03 of 3rd period - Minor Penalty to Travis Hamonic for Holding Stick.
17:04 of 3rd period - Manny Malhotra wins face-off versus Maxime Macenauer in Monarchs zone.
18:55 of 3rd period - David Van Der Gulik is hit by Sean Zimmerman and loses puck.
19:02 of 3rd period - Michael Haley is hit by Jeff Tambellini and loses puck.
19:03 of 3rd period - Penalty to Travis Hamonic is over, Travis Hamonic is back on ice.
19:17 of 3rd period - Slapshot by Kyle Wilson.
19:17 of 3rd period - Shot Misses the Net.
19:29 of 3rd period - Snap shot by Jeremy Welsh.
19:29 of 3rd period - Shot Blocked by Nate Prosser.
19:59 of 3rd period - Jeremy Welsh is hit by Jonathan Matsumoto and loses puck.
Output by the SimonT Hockey Simulator (STHS) for François Prévost -- Original Page W3C XHTML 1.0 Valid